AoeStats
← Simon Stokvis

African Clearing

503856931Analyzed
4v4 RM · 1mo ago on Sep 2, 2026· 25m 5s· 8 players
Game mode
Random Map
Map size
Large (8 player)
Population
200
Speed
Normal
Resources
Standard
Victory
Conquest
Starting age
Dark Age
Ending age
Imperial Age
RankedLock teamsTeams togetherTeam positionsShared explorationLock speedFull tech treeHidden civsTurbo modeCheats
Victory
Defeat
🇳🇱 Huns · Netherlands
1539
+14
🇺🇸 Romans · United States
1523
+14
🇲🇽 Celts · Mexico
1492
+16
🇻🇳 Japanese · Vietnam
1439
+18
🇪🇸 Bulgarians · Spain
1505
-16
🇸🇮 Berbers · Slovenia
1503
-16
🇨🇱 Huns · Chile
1489
-16
🇦🇷 Goths · Argentina
1444
-14
Mr. Weedman
10:45 Loom
12:59 Feudal Age
14:43 Double-Bit Axe
19:09 Castle Age
21:11 Scale Barding Armor
Im_Lex
13:07 Feudal Age
16:17 Double-Bit Axe
18:40 Castle Age
17:51 Bloodlines
18:57 Scale Barding Armor
19:07 Forging
22:38 Scale Barding Armor
22:37 Gold Mining
22:51 Light Cavalry
24:41 Devotion
[CL] Poeta Violento IX
2:45 Loom
11:56 Feudal Age
13:20 Double-Bit Axe
15:27 Fletching
15:38 Padded Archer Armor
20:17 Castle Age
19:42 Gold Mining
1976
12:30 Feudal Age
11:27 Loom
12:56 Man-at-Arms
13:35 Town Watch
16:51 Forging
18:46 Stone Mining
22:02 Castle Age
21:40 Scale Mail Armor
22:30 Double-Bit Axe
23:10 Chain Mail Armor
Simon Stokvis
13:21 Feudal Age
18:12 Castle Age
20:04 Fletching
21:12 Town Watch
21:13 Loom
SimoniacJewel88
9:52 Loom
12:51 Feudal Age
19:12 Double-Bit Axe
21:28 Castle Age
22:19 Stone Mining
22:40 Bow Saw
scoop
10:53 Loom
12:57 Feudal Age
14:14 Double-Bit Axe
14:11 Horse Collar
16:59 Castle Age
ost.nostalgia
8:49 Loom
11:46 Feudal Age
12:48 Double-Bit Axe
14:04 Town Watch
17:29 Castle Age
17:31 Bloodlines
17:31 Scale Barding Armor
20:59 Fletching
Connection lost

Rejoining the realm…

Still unreachable

The connection could not be restored.

Session expired

The server has moved on; the page needs a fresh start.